 Dungeon Crawl Stone Soup version 0.31.0-1-g2c135a0 (webtiles) character file.

Game seed: 14171064137311630807

16 geeeeen the Ruffian (level 2, -4/18 HPs)
             Began as an Octopode Shapeshifter on Apr 8, 2024.
             Slain by Robin
             ... wielding a +0 spear
              (5 damage)
             ... on level 1 of the Dungeon.
             The game lasted 00:01:21 (477 turns).

geeeeen the Ruffian (Octopode Shapeshifter)          Turns: 477, Time: 00:01:21

Health: -4/18      AC:  1    Str: 13    XL:     2   Next: 54%
Magic:  2/2        EV: 13    Int: 18    God:
Gold:   65         SH:  0    Dex: 11    Spells: 1/1 levels left

rFire   . .          .
                       - Unarmed
rCold   . . .        (no shield)
rNeg    . . .        (helmet currently unavailable)
rPois   .            (no amulet)
rElec   .            i - +6 ring of intelligence
rCorr   .            (no ring)
SInv    .            (no ring)
Will    .....        (no ring)
Stlth   ++           (no ring)
HPRegen 0.23/turn    (no ring)
MPRegen 0.08/turn    (no ring)
                     (no ring)

%: no passive effects
@: beast-form
A: beast (slay +1), almost no armour, amphibious, 8 rings, camouflage 1,
gelatinous body 1, (nimble swimmer 1), tentacles
a: Begin Untransformation


You were on level 1 of the Dungeon.
You were a hulking beast.
You visited 1 branch of the dungeon, and saw 2 of its levels.

You collected 65 gold pieces.

Inventory:

Jewellery
 i - a +6 ring of intelligence (left tentacle)
Talismans
 b - a beast talisman
 c - a flux talisman
Scrolls
 d - a scroll of fear {unknown}
 e - a scroll of poison {unknown}
 f - a scroll of enchant weapon {unknown}
 h - a scroll of identify {unknown}
Potions
 a - a potion of lignification
 g - a potion of curing {unknown}


   Skills:
 + Level 1.3 Fighting
 + Level 2.2 Dodging
 + Level 0.9 Stealth
 * Level 3.2 Unarmed Combat
 + Level 3.1 Shapeshifting


You had one spell level left.
You didn't know any spells.
Your spell library was empty.

Dungeon Overview and Level Annotations

Branches:
Dungeon (2/15)

Altars:

Annotations:
D:1 Robin


Innate Abilities, Weirdness & Mutations

You are a hulking beast.
Your limbs bulge with bestial killing power. (Slay +1)
You cannot wear most types of armour.
You are amphibious.
You can wear up to eight rings at the same time.
Your skin changes colour to match your surroundings (Stealth+).
Your rubbery body absorbs attacks. (AC +1, EV +1)
((You are camouflaged when in or above water. (Stealth+)))
You have tentacles for arms and can constrict up to eight enemies at once.


Message History

The goblin shouts! x3; Robin shouts!
The goblin shouts! x3
You hear an angry hiss.
The goblin shouts!
You hear a shout!
The hobgoblin shouts!
You hear a loud squeak.
Found a stone staircase leading down.
There is a stone staircase leading up here.
Unknown command.
The goblin barely misses you.
Robin roars a battlecry!
The goblins go into a battle-frenzy!
The goblin shouts!
You climb upwards.
There is a stone staircase leading down here.
You tentacle-slap the goblin.
You kill the goblin!
The goblin closely misses you.
You barely miss the goblin. Your grab misses the goblin.
The goblin completely misses you.
You tentacle-slap the goblin. You grab the goblin.
The goblin is moderately wounded.
You constrict the goblin. You tentacle-slap the goblin.
You kill the goblin!
You climb downwards.
Level annotation: Robin The goblin hits you with a +0 club.
A goblin comes into view. It is wielding a +0 dagger.
An iguana comes into view.
Robin throws the goblin at you! The hobgoblin misses you.
There is a stone staircase leading up here.
The goblin completely misses you. The goblin hits you with a +0 club.
The hobgoblin hits you.
You climb upwards.
There is a stone staircase leading down here.
Unknown command.
You miss the goblin. You grab the goblin. You constrict the goblin.
The goblin hits you with a +0 club. The hobgoblin hits you.
* * * LOW HITPOINT WARNING * * *
Robin hits you with a +0 spear.
You die...
Robin says, "And that's why I'm the boss."

....#########.......##.#
....# ######.....# ...##
#........### ####
#........# # #........#
# #..).....# #
#........# #..gg....#
#..ghg...# ##########


You could see Robin, a hobgoblin (strong) and 2 goblins.

Vanquished Creatures
  2 endoplasms (D:1)
  3 goblins (D:1)
  3 hobgoblins (D:1)
  A ball python (D:1)
  5 kobolds (D:1)
14 creatures vanquished.

Notes
Turn   | Place    | Note
-------+----------+-------------------------------------------
     0 | D:1      | geeeeen the Octopode Shapeshifter began the quest for the
                  | Orb.
     0 | D:1      | Reached XP level 1. HP: 13/13 MP: 1/1
   232 | D:1      | Reached XP level 2. HP: 18/18 MP: 2/2
   466 | D:2      | Noticed Robin
   477 | D:1      | Slain by Robin

Illustrated notes

Levels and vault maps discovered:
D:1:      nzn_arrival_settlement, layout_rooms, minivault_25
D:2:      layout_basic, uniq_robin

Action                     || total
---------------------------++-------
  Melee: Unarmed           ||    28
         Constrict         ||     7
         Tentacles         ||     3
         Punch             ||     1
   Stab: Sleeping          ||     2
 Armour: Skin              ||    12
  Dodge: Dodged            ||    14
